 Dungeon Crawl Stone Soup version 0.24.1-11-gbbbb2193e6 (webtiles) character file.

Game seed: 15816839099632718488, levelgen mode: deterministic

56 Descartes the Covered (level 3, 0/27 HPs)
             Began as a Demonspawn Wanderer on May 13, 2020.
             Slain by an adder (1 damage)
             ... on level 1 of the Dungeon.
             The game lasted 00:03:33 (813 turns).

Descartes the Covered (Demonspawn Wanderer)          Turns: 813, Time: 00:03:34

Health: 0/27       AC:  6    Str: 11    XL:     3   Next: 69%
Magic:  3/3        EV: 11    Int: 14    God:
Gold:   72         SH:  0    Dex: 13    Spells: 2/2 levels left

rFire    + . .     SeeInvis .   a - +2 quarterstaff
rCold    x . .     Gourm    .   (shield currently unavailable)
rNeg     . . .     Faith    .   c - +0 ring mail
rPois    .         Spirit   .   l - +0 helmet
rElec    .         Reflect  .   (no cloak)
rCorr    .         Harm     .   (no gloves)
MR       .....                  (no boots)
Stlth    +.........             (no amulet)
HPRegen  0.09/turn              m - ring of fire
MPRegen  0.08/turn              (no ring)

@: lethally poisoned (0 -> -6)
A: rot immunity
a: no special abilities


You were on level 1 of the Dungeon.
You were not hungry.

You visited 1 branch of the dungeon, and saw 2 of its levels.

You collected 72 gold pieces.

Inventory:

Hand Weapons
 a - a +2 quarterstaff (weapon)
 f - a +0 hunting sling
Missiles
 e - 3 atropa-tipped darts (quivered)
 g - 23 stones
 i - 8 boomerangs
 j - 15 sling bullets
Armour
 c - a +0 ring mail (worn)
 l - a +0 helmet (worn)
Jewellery
 m - a ring of fire (left hand)
Scrolls
 k - a scroll of fear {unknown}
 p - a scroll of remove curse {unknown}
Potions
 b - 3 potions of curing
 h - a potion of flight {unknown}
 n - a potion of resistance {unknown}
 o - a potion of might {unknown}
Comestibles
 d - 6 rations


   Skills:
 + Level 2.2 Fighting
 - Level 1.7 Staves
   Level 1.0 Bows
 + Level 2.5 Armour
 + Level 2.0 Dodging
 - Level 1.0 Stealth
   Level 1.0 Shields
   Level 1.0 Evocations


You had 2 spell levels left.
You didn't know any spells.
Your spell library was empty.

Dungeon Overview and Level Annotations

Branches:
Dungeon (2/15)

Altars:


Innate Abilities, Weirdness & Mutations

You are immune to rotting.


Message History

You miss the adder.
The adder is almost dead.
You feel sick. The adder bites you.
* * * LOW HITPOINT WARNING * * *
The adder bites you but does no damage.
You sock the adder!
You kill the adder!
Your Dodging skill increases to level 2!
The adder barely misses you.
You sock the adder!
The adder is heavily wounded.
* * * LOW HITPOINT WARNING * * *
You feel sick. The adder bites you.
* * * LOW HITPOINT WARNING * * *
You miss the adder.
The adder is heavily wounded.
The adder bites you.
* * * LOW HITPOINT WARNING * * *
The adder bites you.
You die...

.......# #.##≈......≈#
.......# #.##≈§.§...≈#
.....÷.# #.##≈......≈#
.......#####.##8......8#
.............#####''####
######.#............##.#
................>...##.#
####......#..###S#...#.#
#.#.......###@#...#.###
#.#.#.##..#...........#
####.#.#.##..#.#.#.#.#.###
.........##..#.#.......#
##.#.........#.........#
##.###.###.#.#..##.#.###
...# #.# #.#.#..##...#
#### #.# #.#....#.#.#####
#.# #.#.#†.........#


You could see an adder.

Vanquished Creatures
  2 adders
  An ooze (D:1)
  A dart slug (D:1)
  6 bats (D:1)
  A giant cockroach (D:1)
  3 goblins (D:1)
  4 hobgoblins (D:1)
  5 kobolds (D:1)
  A frilled lizard (D:1)
  5 rats (D:1)
29 creatures vanquished.

Notes
Turn   | Place    | Note
-------+----------+-------------------------------------------
     0 | D:1      | Descartes the Demonspawn Wanderer began the quest for the
                  | Orb.
     0 | D:1      | Descartes set off with the following items: a +2
                  | quarterstaff, a potion of curing, a +0 ring mail, a ration
     0 | D:1      | Reached XP level 1. HP: 15/15 MP: 1/1
    44 | D:1      | Gained mutation: You are immune to rotting. [demonic
                  | ancestry]
    44 | D:1      | Reached XP level 2. HP: 18/21 MP: 2/2
   402 | D:1      | Reached XP level 3. HP: 22/27 MP: 3/3
   813 | D:1      | HP: 1/27 [adder (1)]
   813 | D:1      | Slain by an adder

Levels and vault maps discovered:
D:1:      lightli_arrival_noodles, layout_basic, st_stairs_13
D:2:      layout_rooms

Skill      XL: |  1  2  3 |
---------------+----------+-----
Armour         | 2 |  2.5
Fighting       | 2 |  2.2
Dodging        | 2 |  2.0
Staves         | |  1.7
Bows           | |  1.0
Stealth        | |  1.0
Shields        | |  1.0
Evocations     | |  1.0

Action                   || total
-------------------------++-------
Melee: Quarterstaff      ||    91
Armor: Ring mail         ||    44
Dodge: Dodged            ||    86
